 Dungeon Crawl Stone Soup version 0.31-a0-435-g2c6fae2916 (webtiles) character file.

Game seed: 1558432506807580341

74 lunkers the Insei (level 4, -1/35 HPs)
             Began as a Meteoran Shapeshifter on July 31, 2023.
             Succumbed to an adder's poison
             ... on level 3 of the Dungeon on Aug 1, 2023.
             The game lasted 00:03:17 (871 turns).

lunkers the Insei (Meteoran Shapeshifter)            Turns: 871, Time: 00:03:18

Health: -1/35      AC:  5    Str: 16    XL:     4   Next: 84%
Magic:  5/5        EV: 11    Int:  9    God:
Gold:   46         SH:  0    Dex: 17    Spells: 3/3 levels left

rFire   . .          .
                       - Unarmed
rCold   . . .        (no shield)
rNeg    . . .        d - +0 ring mail
rPois   .            (helmet currently unavailable)
rElec   .            (cloak currently unavailable)
rCorr   .            (gloves currently unavailable)
SInv    .            (boots currently unavailable)
Will    .....        (no amulet)
Stlth   +            (no ring)
HPRegen 0.25/turn    (no ring)
MPRegen 0.09/turn

%: no passive effects
@: lethally poisoned (-1 -> -5), beast-form, glowing
A: beast (slay +2), sense surroundings 1, otherworldly, glowing, explore regen
a: Begin Untransformation


You were on level 3 of the Dungeon.
You were a hulking beast.
You visited 1 branch of the dungeon, and saw 3 of its levels.

You collected 46 gold pieces.

Inventory:

Armour
 a - a +0 animal skin
 d - a +0 ring mail (worn)
Talismans
 c - a beast talisman (active)
Scrolls
 e - a scroll of enchant weapon {unknown}
 f - a scroll of fog {unknown}
 g - a scroll of fear {unknown}
 h - a scroll of blinking {unknown}
Potions
 b - a potion of lignification
 i - a potion of cancellation {unknown}
 j - a potion of invisibility {unknown}


   Skills:
 - Level 1.1 Fighting
 - Level 2.4 Dodging
 * Level 6.0 Unarmed Combat
 - Level 3.6 Shapeshifting


You had 3 spell levels left.
You didn't know any spells.
Your spell library was empty.

Dungeon Overview and Level Annotations

Branches:
Dungeon (3/15) Zot: 940

Altars:


Innate Abilities, Weirdness & Mutations

You are a hulking beast.
Your limbs bulge with bestial killing power. (Slay +2)
You passively map a small area around you.
You are easily found by Zot.
You glow in the dark.
You regain HP and MP as you explore.


Message History

The gnoll misses you. The gnoll barely misses you.
You climb downwards.
There is a stone staircase leading up here.
Unknown command.
You hit the gnoll.
The gnoll is moderately wounded.
The gnoll hits you but does no damage.
You hit the gnoll but do no damage.
The gnoll is moderately wounded.
The gnoll hits you with a +0 club.
* * * LOW HITPOINT WARNING * * *
You hit the gnoll.
The gnoll is heavily wounded.
The gnoll hits you with a +0 club.
* * * LOW HITPOINT WARNING * * *
You punch the gnoll!
You kill the gnoll!
Your Unarmed Combat skill increases to level 6!
You hit the adder.
The adder is moderately wounded.
The adder bites you but does no damage.
Unknown command.
You closely miss the adder.
The adder is moderately wounded.
The adder bites you but does no damage. x2
You miss the adder.
The adder is moderately wounded.
The adder bites you but does no damage.
You hit the adder.
The adder is severely wounded.
The adder closely misses you.
You closely miss the adder.
The adder is severely wounded.
The adder bites you.
* * * LOW HITPOINT WARNING * * *
You are lethally poisoned!
The adder poisons you!
You punch the adder!
You kill the adder!
You die...

* , * * * *
*## , , .#*
* , , , .# *
, , .# * , ,
* .# , **, ,
, .# *, , ,
*
*#########.#
*,
.......h<.#*
* * *, *
#########.#
, .# , *.# *
*, * .# ,
*.# .# .# ,
,


There were no monsters in sight!

Vanquished Creatures
  2 gnolls
  An adder (D:3)
  A worm (D:2)
  A dart slug (D:1)
  3 ball pythons
  4 bats
  5 endoplasms
  A giant cockroach (D:1)
  6 hobgoblins
  3 kobolds (D:1)
  2 quokkas (D:1)
  A frilled lizard (D:1)
  12 goblins
  2 rats
44 creatures vanquished.

Notes
Turn   | Place    | Note
-------+----------+-------------------------------------------
     0 | D:1      | lunkers the Meteoran Shapeshifter began the quest for the
                  | Orb.
     0 | D:1      | Reached XP level 1. HP: 16/16 MP: 2/2
    89 | D:1      | Upgraded the game from 0.31-a0-431-g88bdf31460 to
                  | 0.31-a0-435-g2c6fae2916
   110 | D:1      | Reached skill level 4 in Unarmed Combat
   110 | D:1      | Reached XP level 2. HP: 23/23 MP: 3/3
   153 | D:1      | Reached XP level 3. HP: 14/28 MP: 4/4
   220 | D:1      | Reached skill level 5 in Unarmed Combat
   470 | D:1      | Reached XP level 4. HP: 35/35 MP: 5/5
   505 | D:1      | Glimpsed the power of Zot.
   866 | D:3      | Reached skill level 6 in Unarmed Combat
   870 | D:3      | HP: 1/35 [adder (3)]
   871 | D:3      | Succumbed to an adder's poison

Illustrated notes

Levels and vault maps discovered:
D:1:      lemuel_arrival_cross, layout_basic, grunt_decor_junction,
          minmay_tall_x
D:2:      kennysheep_the_goblin_king, layout_basic
D:3:      layout_basic, amcnicky_altar_gilded, serial_shops,
          nicolae_shop_hallway_plus, gammafunk_ghost_arena, minmay_bisected,
          uniq_ijyb, uniq_natasha

Skill      XL: |  1  2  3  4 |
---------------+-------------+-----
Unarmed Combat | 4 5 6 |  6.0
Fighting       | |  1.1
Dodging        | |  2.4
Shapeshifting  | |  3.6

Action                     |  1- 3 |  4- 6 || total
---------------------------+-------+-------++-------
  Melee: Unarmed           |    57 |    51 ||   108
         Punch             |     1 |     2 ||     3
    Use: Scroll            |     1 |       ||     1
 Armour: Ring mail         |    18 |    19 ||    37
         Animal skin       |     1 |       ||     1
  Dodge: Dodged            |    27 |    18 ||    45

Table legend: (Time is in decaauts)
 A = Elapsed time spent in this place.
 B = Non-inter-level travel time spent in this place.
 C = Inter-level travel time spent in this place.
 D = Time resting spent in this place.
 E = Time spent auto-exploring this place.
 F = Levels seen in this place.
 G = Mean time per level.
                   A        B        C        D        E       F      G
               +--------+--------+--------+--------+--------+-----+--------+
         Total |    859 |    798 |     61 |      0 |    545 |   3 |  286.3 |
       Dungeon |    859 |    798 |     61 |      0 |    545 |   3 |  286.3 |
               +--------+--------+--------+--------+--------+-----+--------+

Top non-repeatable levels by time:
     D:1: 546 daAuts
     D:2: 303 daAuts
     D:3: 9 daAuts
